 Dungeon Crawl Stone Soup version 0.27-a0-789-g6bb3289e1e (webtiles) character file.

Game seed: 13961627911060418705

301 robertstho the Shooter (level 6, -1/51 HPs)
             Began as a Minotaur Hunter on Mar 26, 2021.
             Was an Initiate of Okawaru.
             Slain by an orc warrior
             ... wielding a +0 broad axe
              (10 damage)
             ... on level 5 of the Dungeon.
             The game lasted 00:06:54 (3980 turns).

robertstho the Shooter (Minotaur Hunter)            Turns: 3980, Time: 00:06:54

Health: -1/51      AC: 11    Str: 17    XL:     6   Next: 14%
Magic:  5/5        EV:  8    Int:  8    God:    Okawaru [......]
Gold:   1093       SH:  0    Dex: 18    Spells: 5/5 levels left

rFire    + + .     SeeInvis .   a - +1 shortbow
rCold    + . .     Faith    .   (shield currently unavailable)
rNeg     . . .     Spirit   .   p - +0 chain mail
rPois    .         Reflect  .   (helmet restricted)
rElec    .         Harm     .   c - scarf {rC+ rF+}
rCorr    .         Rampage  .   f - +1 pair of gloves
Will     .....                  (no boots)
Stlth    ..........             (no amulet)
HPRegen  0.17/turn              n - +6 ring of dexterity
MPRegen  0.09/turn              e - ring of protection from fire

@: no status effects
A: horns 2, retaliatory headbutt
a: Renounce Religion


You were on level 5 of the Dungeon.
You worshipped Okawaru.
Okawaru was noncommittal.
You visited 1 branch of the dungeon, and saw 5 of its levels.

You collected 1093 gold pieces.

Inventory:

Hand Weapons
 a - a +1 shortbow (weapon)
 b - a +0 short sword
 j - a +2 quarterstaff of draining
Missiles
 q - 16 arrows (quivered ammo)
Armour
 c - a scarf of resistance (worn)
 f - a +1 pair of gloves (worn)
 p - a +0 chain mail (worn)
Jewellery
 e - a ring of protection from fire (left hand)
 h - a ring of fire
 n - a +6 ring of dexterity (right hand)
 r - a ring of positive energy
Scrolls
 i - a scroll of torment {unknown}
 k - a scroll of identify
 l - a scroll of immolation
 m - a scroll of summoning
Potions
 d - a potion of flight
 o - 2 potions of ambrosia {unknown}


   Skills:
 * Level 3.4 Fighting
 + Level 0.4 Short Blades
 + Level 1.0 Staves
 * Level 6.6 Bows
 * Level 3.3 Armour
 + Level 2.6 Dodging
 - Level 0.7 Stealth
 * Level 0.5 Invocations


You had 5 spell levels left.
You didn't know any spells.
Your spell library contained the following spells:

 Spells                   Type           Power      Damage    Failure   Level
 Confusing Touch          Hex            0%         N/A       100%        3
 Gell's Gravitas          Tloc           0%         N/A       100%        3
 Petrify                  Tmut/Erth      0%         N/A       100%        4
 Metabolic Englaciation   Hex/Ice        0%         N/A       100%        5
 Yara's Violent Unravell  Hex/Tmut       0%         3d3       100%        5


Dungeon Overview and Level Annotations

Branches:
Dungeon (5/15)
 Temple: D:4-7

Altars:
Elyvilon
Fedhas
Hepliaklqana
Makhleb
Okawaru
Uskayaw
Vehumet
Xom

Shops:
D:3 :


Innate Abilities, Weirdness & Mutations

You have a pair of horns on your head.
You reflexively headbutt those who attack you in melee.


Message History

The orc warrior hits you with a +0 broad axe.
Okay, then.
Fire: 21 arrows
Press: ? - help, Q - select action Shift-Dir - straight line, f/p - orc warrior
Aim: an orc warrior, wielding a +0 broad axe and wearing a +3 chain mail (moderately wounded, 63% to hit)
You shoot an arrow. The arrow hits the orc warrior.
The orc warrior is heavily wounded.
The orc warrior hits you with a +0 broad axe!
Fire: 20 arrows
Press: ? - help, Q - select action Shift-Dir - straight line, f/p - orc warrior
Aim: an orc warrior, wielding a +0 broad axe and wearing a +3 chain mail (heavily wounded, 62% to hit)
You shoot an arrow. The arrow hits the orc warrior!
The orc warrior is severely wounded.
The orc warrior hits you with a +0 broad axe.
Fire: 19 arrows
Press: ? - help, Q - select action Shift-Dir - straight line, f/p - orc warrior
Aim: an orc warrior, wielding a +0 broad axe and wearing a +3 chain mail (severely wounded, 63% to hit)
You shoot an arrow.
The arrow barely misses the orc warrior.
The arrow barely misses the orc wizard.
The arrow hits the orc.
The orc is moderately wounded.
The orc warrior hits you with a +0 broad axe!
* * * LOW HITPOINT WARNING * * *
Fire: 18 arrows
Press: ? - help, Q - select action Shift-Dir - straight line, f/p - orc warrior
Aim: an orc warrior, wielding a +0 broad axe and wearing a +3 chain mail (severely wounded, 62% to hit)
You shoot an arrow. The arrow hits the orc warrior.
The orc warrior is almost dead.
The orc warrior hits you with a +0 broad axe.
* * * LOW HITPOINT WARNING * * *
Fire: 17 arrows
Press: ? - help, Q - select action Shift-Dir - straight line, f/p - orc warrior
Aim: an orc warrior, wielding a +0 broad axe and wearing a +3 chain mail (almost dead, 63% to hit)
You shoot an arrow.
The arrow closely misses the orc warrior.
The arrow barely misses the orc wizard.
The arrow hits the orc!
You kill the orc!
Okawaru accepts your kill.
The orc warrior hits you with a +0 broad axe!
You die...

...... ......
...... ......
...?.. . ......
... #. ####..
....5##### #.#
##≈.≈ (...ooo@)###
#..###P♣≈♣
.....###...##
#.....♣♣≈ ..#
###..####.....≈..
#.....##.......
#..............
#.....##.......
.##........##.##.
#........#####..#.
####.....# ##...


You could see an orc warrior, an orc wizard, a white imp and an orc.

Vanquished Creatures
  A bullfrog zombie (D:5)
  2 hounds
  2 iguanas (D:4)
  Jessica (D:3)
  A hound skeleton (D:5)
  5 adders
  A worm (D:4)
  5 dart slugs
  2 orcs (D:5)
  3 ball pythons
  5 endoplasms
  3 giant cockroaches
  8 goblins
  5 hobgoblins
  2 jackals (D:3)
  8 kobolds
  5 quokkas
  6 bats
  4 frilled lizards
  3 rats
72 creatures vanquished.

Notes
Turn   | Place    | Note
-------+----------+-------------------------------------------
     0 | D:1      | robertstho the Minotaur Hunter began the quest for the Orb.
     0 | D:1      | Reached XP level 1. HP: 18/18 MP: 0/0
   231 | D:1      | Reached XP level 2. HP: 25/25 MP: 1/1
   249 | D:1      | Reached skill level 5 in Bows
   851 | D:2      | Reached skill level 1 in Armour
   851 | D:2      | Reached XP level 3. HP: 21/30 MP: 2/2
  1057 | D:2      | Found a hide-covered altar of Uskayaw.
  1380 | D:2      | Found a blossoming altar of Fedhas.
  1638 | D:2      | Reached XP level 4. HP: 35/37 MP: 3/3
  1891 | D:2      | Found a burning altar of Makhleb.
  2157 | D:3      | Noticed Jessica
  2170 | D:3      | Killed Jessica
  2171 | D:3      | Reached skill level 6 in Bows
  2456 | D:3      | Reached XP level 5. HP: 43/44 MP: 4/4
  2515 | D:3      | Found Juecsip's Book Shoppe.
  3232 | D:4      | Found an iron altar of Okawaru.
  3239 | D:4      | Found a radiant altar of Vehumet.
  3240 | D:4      | Found a shimmering altar of Xom.
  3241 | D:4      | Found a white marble altar of Elyvilon.
  3242 | D:4      | Found a hazy altar of Hepliaklqana.
  3244 | D:4      | Became a worshipper of Warmaster Okawaru
  3258 | D:4      | Identified a scroll of acquirement
  3260 | D:4      | Acquired 905 gold pieces
  3788 | D:5      | Entered Level 5 of the Dungeon
  3874 | D:5      | Reached XP level 6. HP: 51/51 MP: 5/5
  3965 | D:5      | Reached skill level 1 in Staves
  3965 | D:5      | Noticed an orc warrior
  3980 | D:5      | Slain by an orc warrior

Illustrated notes

Levels and vault maps discovered:
D:1:      giann_wishing_wells, layout_basic, minivault_27,
          minmay_tree_intersection, minmay_fountain_box, minmay_box_of_dots
D:2:      layout_basic, marbit_many_paths, fedhas_ov_isle_minmay,
          nicolae_overflow_crystal_walls, minmay_misc_feat_tower
D:3:      layout_loops_ring, serial_shops, nicolae_shop_crystal, uniq_jessica
D:4:      layout_rooms, grunt_temple_overflow_open, kennysheep_generic_room_9
D:5:      layout_rooms, minivault_14, serial_bayou_pond_d,
          kennysheep_nondescript, hangedman_abyss_or_decor_stagger

Skill      XL: |  1  2  3  4  5  6 |
---------------+-------------------+-----
Bows           | 5 6 |  6.6
Armour         | 1 2 3 |  3.3
Fighting       | 3 |  3.4
Staves         | 1 |  1.0
Short Blades   | |  0.4
Dodging        | |  2.6
Stealth        | |  0.7
Invocations    | |  0.5

Action                   |  1- 3 |  4- 6 || total
-------------------------+-------+-------++-------
Melee: Short sword       |     6 |    59 ||    65
       Headbutt          |     1 |    16 ||    17
       Quarterstaff      |       |    29 ||    29
 Fire: Shortbow          |    97 |    40 ||   137
  Use: Potion            |     1 |     3 ||     4
       Scroll            |       |     9 ||     9
Armor: Ring mail         |    17 |    21 ||    38
       Chain mail        |       |    16 ||    16
       Skin              |       |    12 ||    12
Dodge: Dodged            |    35 |    44 ||    79

Table legend: (Time is in decaauts)
 A = Elapsed time spent in this place.
 B = Non-inter-level travel time spent in this place.
 C = Inter-level travel time spent in this place.
 D = Time resting spent in this place.
 E = Time spent auto-exploring this place.
 F = Levels seen in this place.
 G = Mean time per level.
                   A        B        C        D        E       F      G
               +--------+--------+--------+--------+--------+-----+--------+
         Total |   3985 |   3867 |    118 |    268 |   2983 |   5 |  797.0 |
       Dungeon |   3985 |   3867 |    118 |    268 |   2983 |   5 |  797.0 |
               +--------+--------+--------+--------+--------+-----+--------+

Top non-repeatable levels by time:
     D:2: 1102 daAuts
     D:3: 980 daAuts
     D:4: 882 daAuts
     D:1: 825 daAuts
     D:5: 194 daAuts
